Map: Bridgehead LE (Void)

Players

Phenomenal - Winner!

  • Race: Protoss Protoss
  • League: Bronze

SticklerMac

  • Race: Terran Terran
  • League: Bronze

VOD

Have the link to the VOD?

Description

Time

  • Played on: July 28, 2015, 4:07 p.m.
  • Length: 7:41
Show
View Real Time Build Order
Export as new Build Order

Phenomenal Protoss - Winner!

Build Orders:  

Get SALT Encoding   

  12  0:03  Probe  
  13  0:15  Probe  
  13  0:19  Pylon  
  14  0:37  Probe  
  14  0:40  Gateway  
  15  0:49  Probe  
  16  1:01  Probe  
  17  1:06  Assimilator  
  17  1:13  Probe  
  18  1:25  Probe  
  19  1:30  Cybernetics Core  
  19  1:37  Probe  
  20  1:49  Probe  
  20  1:52  Nexus  
  21  2:01  Probe  
  21  2:02  Assimilator  
  21  2:07  Warp Gate (Chrono Boost)  
  22  2:10  Pylon  
  22  2:18  Gateway  
  22  2:28  Probe  
  23  2:35  Pylon  
  23  2:39  Pylon  
  23  2:50  Gateway  
  23  2:57  Gateway  
  23  3:11  Probe (Chrono Boost)  
  24  3:23  Probe (Chrono Boost)  
  24  3:24  Forge  
  25  3:29  Probe (Chrono Boost)  
  25  3:30  Probe  
  27  3:36  Pylon  
  27  3:40  Probe  
  28  3:42  Probe  
  28  3:45  Pylon  
  29  3:52  Probe  
  29  3:55  Probe  
  31  4:02  Stalker x3  
  37  4:08  Protoss Ground Armor Level 1 (Chrono Boost)  
  37  4:15  Stalker  
  39  4:22  Zealot x3  
  45  4:39  Zealot  
  45  4:42  Sentry x3  
  53  5:02  Zealot  
  55  5:10  Zealot x3  
  61  5:22  Gateway  
  61  5:23  Stalker  
  61  5:24  Gateway  
  61  5:25  Gateway  
  47  5:43  Zealot  
  47  5:44  Zealot x2  
  47  6:00  Zealot  
  49  6:05  Zealot x3  
  51  6:25  Zealot  
  51  6:32  Stalker x3  
  51  6:49  Zealot  
  49  6:59  Zealot x2  
  49  7:00  Zealot  
  51  7:16  Stalker x4  
  57  7:24  Zealot x3  
  63  7:41  Stalker  
Show
View Real Time Build Order
Export as new Build Order

SticklerMac Terran 

Build Orders: MMM Bio 

Get SALT Encoding   

  12  0:00  SCV  
  13  0:13  SCV  
  14  0:18  Supply Depot  
  14  0:25  SCV  
  15  0:39  SCV  
  15  0:42  Barracks  
  16  0:57  SCV  
  17  1:01  Barracks  
  17  1:09  SCV  
  17  1:10  Supply Depot  
  18  1:15  Refinery  
  18  1:21  SCV  
  19  1:31  Refinery  
  19  1:33  SCV  
  19  1:37  Marine  
  21  1:47  SCV  
  22  1:52  Barracks Tech Lab  
  22  1:56  Supply Depot  
  22  2:02  Marine  
  22  2:03  Barracks  
  23  2:13  Factory  
  23  2:18  Marine  
  23  2:22  Barracks Reactor  
  24  2:37  SCV  
  24  2:39  Marine  
  26  2:44  Stimpack  
  26  2:49  SCV  
  27  2:51  Barracks Reactor  
  27  3:06  Starport  
  27  3:10  Widow Mine  
  27  3:12  Marine  
  29  3:13  Marine  
  29  3:17  Marine  
  32  3:25  Supply Depot  
  32  3:28  SCV  
  32  3:32  Marine  
  34  3:35  Marine  
  35  3:43  Medivac  
  37  4:00  Marine  
  37  4:01  Marine x2  
  37  4:02  Marine  
  42  4:06  Marauder  
  43  4:13  Medivac  
  43  4:16  Supply Depot  
  45  4:22  Marine  
  45  4:23  Marine  
  47  4:30  Orbital Command  
  47  4:40  Engineering Bay  
  47  4:41  Marine  
  48  4:50  Medivac  
  51  4:54  Marauder  
  51  4:56  Marine  
  53  5:01  Marine  
  53  5:04  Combat Shields  
  54  5:11  Terran Infantry Weapons Level 1  
  53  5:32  Marine x2  
  53  5:33  Marine x2  
  53  5:34  Marauder  
  53  5:35  Widow Mine  
  35  6:01  Marauder  
  35  6:02  Marine x4  
  35  6:03  Widow Mine  
  24  6:19  Marine  
  24  6:20  Marine  
Tags
 
Add a new tag
Caveats
  • Supply blocks, unpowered buildings, or Contaminate may cause inaccurate times.
  • Supply counts are checked every 10 seconds.